Map: Derelict Watcher TE

Players

Erfeyah - Winner!

  • Race: Terran Terran
  • Spawn Location: 7:00

VOD

Have the link to the VOD?

Description

Time

  • Played on: Nov. 28, 2017, 8:16 a.m.
  • Length: 18:50
Show
View Real Time Build Order
Export as new Build Order

Erfeyah Terran - Winner!

Build Orders:  

Get SALT Encoding   

  12  0:07  SCV  
  12  4:09  Supply Depot  
  12  4:58  Supply Depot  
  12  5:12  Barracks  
  12  6:09  Command Center  
  12  6:22  SCV  
  12  6:35  SCV  
  12  6:36  Supply Depot  
  12  6:45  Marine  
  12  6:47  SCV  
  12  6:59  SCV  
  12  7:03  Marine  
  12  7:11  SCV  
  12  7:20  Marine  
  12  7:23  SCV  
  12  7:25  Barracks  
  12  7:35  SCV  
  12  7:38  Marine  
  12  7:47  SCV  
  12  7:52  Refinery  
  12  7:56  Marine  
  12  7:58  SCV  
  12  7:59  SCV  
  12  8:10  SCV  
  12  8:11  SCV  
  12  8:13  Barracks  
  12  8:14  Marine  
  12  8:22  SCV  
  12  8:32  Marine  
  12  8:38  SCV x2  
  12  8:49  Marine  
  12  8:57  SCV x2  
  12  9:07  Marine  
  12  9:15  SCV  
  12  9:16  SCV  
  12  9:25  Marine  
  12  9:26  Command Center  
  12  9:35  SCV  
  12  9:36  SCV, Marine x2  
  12  9:43  Marine  
  12  9:47  SCV  
  12  9:54  Marine x2  
  12  10:00  SCV x2  
  12  10:01  Marine  
  12  10:12  Marine  
  12  10:33  Supply Depot  
  12  10:37  Marine  
  12  10:57  Supply Depot  
  12  11:06  Supply Depot  
  12  11:20  Supply Depot  
  12  11:27  SCV  
  12  11:28  SCV x2, Supply Depot, Marine  
  12  11:29  Marine x2  
  12  11:43  Supply Depot  
  12  11:47  Marine x3  
  12  11:51  Supply Depot  
  12  12:05  Marine x2  
  12  12:06  Supply Depot  
  12  12:10  Factory  
  12  12:14  Supply Depot  
  12  12:30  Supply Depot  
  12  12:34  Marine  
  12  12:35  Marine x2  
  12  12:52  Marine x2, Supply Depot  
  12  12:53  Marine  
  12  13:10  Marine x3  
  12  13:15  Command Center  
  12  13:28  Marine x3  
  12  13:46  Marine x3  
  12  14:03  Marine  
  12  14:04  Marine x2  
  12  14:37  Refinery  
  12  14:57  Marine x2  
  12  15:00  Refinery  
  12  15:16  Barracks Tech Lab x2  
  12  15:18  Barracks Tech Lab  
  12  15:27  SCV  
  12  15:28  SCV  
  12  15:41  SCV  
  12  16:37  SCV x2  
  12  17:31  Marine  
  12  17:32  Marine x2  
  12  17:50  Marauder x3  
  12  18:11  Marauder x3  
  12  18:20  SCV x4  
  12  18:32  SCV x4  
Tags
 
Add a new tag
Caveats
  • Supply blocks, unpowered buildings, or Contaminate may cause inaccurate times.
  • Supply counts are checked every 10 seconds.